 Dungeon Crawl Stone Soup version 0.23.1-37-gaa34b87 (webtiles) character file.

Game seed: 15966111288064138873

135 esteth the Skirmisher (level 4, -1/55 HPs)
             Began as a Demonspawn Fighter on Mar 26, 2019.
             Was a Follower of Dithmenos.
             Slain by a scorpion (5 damage)
             ... on level 4 of the Dungeon.
             The game lasted 00:09:57 (3764 turns).

esteth the Skirmisher (Demonspawn Fighter)          Turns: 3764, Time: 00:09:58

Health: -1/55      AC: 29    Str: 16 (17) XL:     4   Next: 97%
Magic:  4/4        EV:  2    Int:  7 (9)  God:    Dithmenos [*.....]
Gold:   97         SH:  0    Dex: 10 (13) Spells: 3/3 levels left

rFire    . . .     SeeInvis .   t - +0 dagger (protect)
rCold    . . .     Gourm    .   (no shield)
rNeg     + + +     Faith    .   (armour currently unavailable)
rPois    +         Spirit   .   (helmet currently unavailable)
rElec    .         Reflect  .   (cloak currently unavailable)
rCorr    +         Harm     .   (gloves currently unavailable)
MR       .....     NoTele   +   (boots currently unavailable)
Stlth    +++.......             (no amulet)
HPRegen  0.18/turn              j - ring of resist corrosion
MPRegen  0.09/turn              l - ring of flight

@: lethally poisoned (-1 -> -3), tree-form, protection aura, wreathed by umbra
A: nightstalker 1, rot immunity
a: Renounce Religion


You were on level 4 of the Dungeon.
You worshipped Dithmenos.
Dithmenos was aware of your devotion.
You were not hungry.
You were a tree.
You visited 1 branch of the dungeon, and saw 4 of its levels.

You collected 97 gold pieces.

Inventory:

Hand Weapons
 a - a +0 war axe
 d - a +1 dagger of distortion
 s - a +0 dagger
 t - a +0 dagger of protection (weapon)
Armour
 b - a +0 scale mail
 c - a +0 shield
 o - a +0 leather armour (melded)
 r - a +0 cloak (melded)
Jewellery
 j - a ring of resist corrosion (left branch)
 l - a ring of flight (right branch)
Scrolls
 g - 2 scrolls of identify {unknown}
 h - a scroll of fog {unknown}
 i - a scroll of random uselessness {unknown}
 k - 2 scrolls of remove curse {unknown}
 p - a scroll of enchant weapon {unknown}
 q - a scroll of teleportation {unknown}
 u - a scroll of enchant armour {unknown}
Comestibles
 f - 7 rations
 m - 2 chunks of flesh


   Skills:
 - Level 4.2 Fighting
 + Level 1.1 Short Blades
 - Level 2.5 Axes
 - Level 2.7 Armour
 + Level 2.2 Stealth
 - Level 2.7 Shields


You had 3 spell levels left.
You didn't know any spells.
Your spell library was empty.

Dungeon Overview and Level Annotations

Branches:
Dungeon (4/15)
 Temple: D:4-7

Altars:
Cheibriados
Dithmenos
Kikubaaqudgha
Nemelex Xobeh
The Shining One

Annotations:
D:2 exclusion: goblin


Innate Abilities, Weirdness & Mutations

You are slightly more attuned to the shadows.
You are immune to rotting.


Message History

The scorpion is severely wounded.
A giant cockroach comes into view.
The scorpion stings you but does no damage.
A frilled lizard comes into view.
The orc hits you but does no damage. x2
You barely miss the scorpion.
The scorpion is severely wounded.
You feel sick. The orc barely misses you. The scorpion stings you.
* * * LOW HITPOINT WARNING * * *
The orc hits you but does no damage. x2
The frilled lizard hisses angrily.
You hit the scorpion but do no damage.
The scorpion is severely wounded.
The orc hits you but does no damage.
The scorpion stings you but does no damage.
The orc hits you but does no damage.
You closely miss the scorpion.
The scorpion is severely wounded.
The orc hits you but does no damage. The scorpion stings you.
You die...

########
.....s.##
....oo♣.##
...<.ooo.#
.l...........
..oo....<####
..s......#
[........#
........##
.........


You could see a scorpion, 7 orcs, a giant cockroach and a frilled lizard.

Vanquished Creatures
  Jessica (D:2)
  2 gnolls (D:3)
  2 adders (D:2)
  2 oozes (D:1)
  A worm (D:3)
  A dart slug (D:3)
  3 orcs
  9 bats
  A giant cockroach (D:3)
  11 goblins
  4 hobgoblins
  3 kobolds
  2 quokkas (D:2)
  3 ball pythons
  6 frilled lizards
  6 rats
57 creatures vanquished.

Notes
Turn   | Place    | Note
-------+----------+-------------------------------------------
     0 | D:1      | esteth the Demonspawn Fighter began the quest for the Orb.
     0 | D:1      | Reached XP level 1. HP: 18/18 MP: 1/1
   200 | D:1      | Gained mutation: You are slightly more attuned to the
                  | shadows. [demonic ancestry]
   200 | D:1      | Reached XP level 2. HP: 24/24 MP: 2/2
   783 | D:2      | Reached XP level 3. HP: 29/29 MP: 3/3
  1119 | D:2      | Found a glowing golden altar of the Shining One.
  1126 | D:2      | Noticed Jessica
  1183 | D:2      | Killed Jessica
  1183 | D:2      | Reached skill level 4 in Fighting
  1183 | D:2      | Reached skill level 1 in Stealth
  1190 | D:2      | Gained mutation: You are immune to rotting. [demonic
                  | ancestry]
  1190 | D:2      | Reached XP level 4. HP: 32/37 MP: 4/4
  1425 | D:2      | Found a shadowy altar of Dithmenos.
  1440 | D:2      | Became a worshipper of Dithmenos the Shadowed
  1459 | D:2      | Found an ancient bone altar of Kikubaaqudgha.
  1522 | D:2      | Found a sparkling altar of Nemelex Xobeh.
  1821 | D:3      | Noticed an ogre
  1975 | D:3      | Found a snail-covered altar of Cheibriados.
  3272 | D:3      | Reached * piety under Dithmenos
  3272 | D:3      | Reached skill level 1 in Short Blades
  3764 | D:4      | Slain by a scorpion

Skill      XL: |  1  2  3  4 |
---------------+-------------+-----
Axes           | 2 |  2.5
Fighting       | 4 |  4.2
Stealth        | 1 2 |  2.2
Short Blades   | 1 |  1.1
Armour         | |  2.7
Shields        | |  2.7

Action                   |  1- 3 |  4- 6 || total
-------------------------+-------+-------++-------
Melee: War axe           |    64 |    10 ||    74
       Dagger            |       |   190 ||   190
  Use: Potion            |       |     7 ||     7
 Stab: Sleeping          |     1 |     2 ||     3
       Distracted        |       |     1 ||     1
  Eat: Chunk             |     1 |     8 ||     9
Armor: Scale mail        |    28 |       ||    28
       Leather armour    |     3 |    48 ||    51
       Skin              |       |    20 ||    20
Dodge: Dodged            |    37 |    84 ||   121
Block: Shield            |     3 |       ||     3
